 Dungeon Crawl Stone Soup version 0.28.0-53-g5a82cb258f (webtiles) character file.

Game seed: 14526257554951517651

33 tom05177 the Ruffian (level 3, 0/33 HPs)
             Began as a Ghoul Monk on July 27, 2022.
             Slain by an adder (4 damage)
             ... on level 2 of the Dungeon.
             The game lasted 00:09:18 (539 turns).

tom05177 the Ruffian (Ghoul Monk)                    Turns: 539, Time: 00:09:19

Health: 0/33       AC:  2    Str: 16    XL:     3   Next: 29%
Magic:  2/2        EV: 12    Int:  5    God:
Gold:   57         SH:  0    Dex: 11    Spells: 2/2 levels left

rFire   . . .      SeeInvis .   d - +10 war axe "Gypras" {freeze, rC+ rN+}
rCold   + + .      Faith    .   (no shield)
rNeg    + + +      Spirit   .   a - +0 robe
rPois   ∞          Reflect  .   (no helmet)
rElec   .          Harm     .   (no cloak)
rCorr   .          Rampage  .   (no gloves)
Will    .....                   (no boots)
Stlth   ++........              (no amulet)
HPRegen 0.00/turn               (no ring)
MPRegen 0.08/turn               (no ring)

@: inhibited regen
A: claws 1, cold resistance 1, negative energy resistance 3, inhibited
regeneration, torment resistance 2
a: no special abilities


You were on level 2 of the Dungeon.
You visited 1 branch of the dungeon, and saw 2 of its levels.

You collected 57 gold pieces.

Inventory:

Hand Weapons
 c - a +0 flail
 d - the +10 war axe "Gypras" (weapon) {freeze, rC+ rN+}
   (You found it on level 2 of the Dungeon)

   It freezes those it strikes, dealing additional cold damage.
   It can also slow down cold-blooded creatures.
   rC:        It protects you from cold.
   rN:        It protects you from negative energy.
 f - a +0 hand axe
Armour
 a - a +0 robe (worn)
Potions
 b - a potion of ambrosia {unknown}
 e - a potion of flight {unknown}


   Skills:
 + Level 3.7 Fighting
 + Level 0.3 Axes
 + Level 3.1 Dodging
 + Level 2.5 Stealth
 + Level 3.7 Unarmed Combat


You had 2 spell levels left.
You didn't know any spells.
Your spell library was empty.

Dungeon Overview and Level Annotations

Branches:
Dungeon (2/15)

Altars:


Innate Abilities, Weirdness & Mutations

You thrive by killing the living.
You are immune to poison.
You have sharp fingernails.
Your flesh is cold resistant. (rC+)
You are immune to negative energy. (rN+++)
You do not regenerate when monsters are visible.
You are immune to unholy pain and torment.


Message History

You closely miss the adder. The adder bites you. The adder misses you.
You slash the adder! You freeze the adder.
You kill the adder!
You have reached level 3!
Your experience leads to an increase in your attributes!
Increase (S)trength, (I)ntelligence, or (D)exterity?
Uppercase letters only, please.
You feel stronger. x2
You see here a +0 dagger.
You see here an adder corpse.
You open the door.
A rat, a worm and an adder come into view.
A kobold comes into view. It is wielding a +0 dagger.
The adder misses you.
There is an open door here.
You slash the worm! You freeze the worm.
You kill the worm!
You feel better.
You miss the adder.
The kobold shouts!
The adder bites you. x2
You slash the rat! You freeze the rat.
You kill the rat!
You completely miss the adder. The adder barely misses you.
The adder bites you. The adder bites you.
You see here a rat corpse.
You barely miss the adder. The adder misses you. The adder bites you.
You miss the adder. The adder bites you.
* * * LOW HITPOINT WARNING * * *
The adder closely misses you.
You closely miss the adder. The adder closely misses you. x2
You hit the adder. You freeze the adder.
The adder is severely wounded.
The adder bites you.
* * * LOW HITPOINT WARNING * * *
The adder barely misses you. The adder bites you.
* * * LOW HITPOINT WARNING * * *
There is an open door here.
The adder bites you.
You die...

.. # ##+###
#....# #..#.+
+.#..# #.K†.#
###S## ###.@#
#.##.# #....#
#.#### #†#
###### ######.#
...... g..##.#
#...######.##.#
#............)#


You could see an adder and a kobold.

Vanquished Creatures
  2 adders (D:2)
  A worm (D:2)
  2 dart slugs
  2 giant cockroaches (D:2)
  A goblin (D:2)
  2 rats (D:2)
10 creatures vanquished.

Vanquished Creatures (others)
  2 fungi (D:2)
  2 plants (D:2)
4 creatures vanquished.

Grand Total: 14 creatures vanquished

Notes
Turn   | Place    | Note
-------+----------+-------------------------------------------
     0 | D:1      | tom05177 the Ghoul Monk began the quest for the Orb.
     0 | D:1      | Reached XP level 1. HP: 19/19 MP: 0/0
   232 | D:2      | Identified the +10 war axe "Gypras" {freeze, rC+ rN+}
   354 | D:2      | Reached XP level 2. HP: 16/26 MP: 1/1
   479 | D:2      | Found a faded altar of an unknown god.
   513 | D:2      | Reached XP level 3. HP: 21/33 MP: 2/2
   539 | D:2      | Slain by an adder

Illustrated notes

Levels and vault maps discovered:
D:1:      dpeg_arrival_rhombus, layout_loops_ring, hex_large
D:2:      minmay_angry_zag, layout_basic, dreamdust_ecumenical_altar_grove,
          kennysheep_generic_room_14

Skill      XL: |  1  2 |
---------------+-------+-----
Dodging        | 3 |  3.1
Fighting       | |  3.7
Axes           | |  0.3
Stealth        | |  2.5
Unarmed Combat | |  3.7

Action                   || total
-------------------------++-------
Melee: War axe           ||    23
       Unarmed           ||     5
       Punch             ||     1
  Use: Scroll            ||     1
Armor: Robe              ||     4
Dodge: Dodged            ||    28
